 Dungeon Crawl Stone Soup version 0.27-a0-1590-g15f69828bf (webtiles) character file.

Game seed: 488804608198284403

441 Anon1729 the Shield-Bearer (level 7, -2/56 HPs)
             Began as a Formicid Fighter on July 18, 2021.
             Slain by a black bear (4 damage)
             ... on level 5 of the Dungeon.
             The game lasted 00:01:47 (2954 turns).

Anon1729 the Shield-Bearer (Formicid Fighter)       Turns: 2954, Time: 00:01:47

Health: -2/56      AC:  7    Str: 23    XL:     7   Next: 22%
Magic:  7/7        EV:  8    Int:  7    God:
Gold:   252        SH: 10    Dex: 10    Spells: 6/6 levels left

rFire    . . .     SeeInvis +   a - +0 war axe
rCold    . . .     Faith    .   c - +0 kite shield
rNeg     . . .     Spirit   .   b - +0 scale mail
rPois    .         Reflect  .   (helmet unavailable)
rElec    .         Harm     .   (no cloak)
rCorr    .         Rampage  .   (no gloves)
Will     .....                  (no boots)
Stlth    ..........             (no amulet)
HPRegen  0.18/turn              (no ring)
MPRegen  0.10/turn              (no ring)

@: no status effects
A: permanent stasis, dig shafts and tunnels, antennae 3, four strong arms
a: Dig, Shaft Self


You were on level 5 of the Dungeon.
You visited 1 branch of the dungeon, and saw 5 of its levels.

You collected 252 gold pieces.

Inventory:

Hand Weapons
 a - a +0 war axe (weapon)
Armour
 b - a +0 scale mail (worn)
 c - a +0 kite shield (worn)
Jewellery
 f - a ring of resist corrosion
Scrolls
 g - a scroll of torment {unknown}
 h - 3 scrolls of identify {unknown}
 i - a scroll of teleportation {unknown}
 j - 3 scrolls of magic mapping {unknown}
 k - a scroll of amnesia {unknown}
 m - a scroll of fog {unknown}
 p - 4 scrolls of fear {unknown}
 q - a scroll of noise {unknown}
 t - a scroll of brand weapon {unknown}
Potions
 d - 2 potions of might
 e - 2 potions of brilliance {unknown}
 l - a potion of attraction {unknown}
 n - 2 potions of invisibility {unknown}
 o - a potion of curing {unknown}
 r - a potion of degeneration {unknown}
 s - a potion of ambrosia {unknown}


   Skills:
 + Level 5.0 Fighting
 + Level 3.9 Axes
 + Level 5.0 Armour
 + Level 5.5 Shields


You had 6 spell levels left.
You didn't know any spells.
Your spell library contained the following spells:

 Spells                   Type           Power      Damage    Failure   Level
 Animate Skeleton         Necr           0%         N/A       93%         1
 Pain                     Necr           0%         1d4       93%         1
 Vampiric Draining        Necr           0%         2d6       100%        3


Dungeon Overview and Level Annotations

Branches:
Dungeon (5/15)
 Temple: D:4-7

Altars:
Elyvilon
Okawaru
Qazlal
Xom

Shops:
D:3 ?   D:4 *


Innate Abilities, Weirdness & Mutations

You cannot be hasted, slowed, berserked, paralysed or teleported.
You can dig through walls and to a lower floor.
You have a pair of large antennae on your head. (SInv)
Your four strong arms can wield two-handed weapons with a shield.


Message History

The black bear is almost dead.
The black bear barely misses you. The black bear claws you.
You block the black bear's attack. x2; The black bear claws you.
You block the black bear's attack.
You are too injured to fight recklessly!
You are too injured to fight recklessly!
A black bear is nearby!
You are too injured to fight recklessly!
You are too injured to fight recklessly!
You are too injured to fight recklessly!
You are too injured to fight recklessly!
You are too injured to fight recklessly!
You are too injured to fight recklessly!
You are too injured to fight recklessly!
You are too injured to fight recklessly!
You hit the black bear but do no damage.
The black bear is almost dead.
The black bear goes berserk!
You barely miss the black bear.
The black bear is almost dead.
You block the black bear's attack.
The black bear claws you but does no damage.
The black bear claws you. The black bear bites you.
* * * LOW HITPOINT WARNING * * *
The black bear claws you but does no damage. x2
You hit the black bear.
The black bear is almost dead.
The black bear bites you!
* * * LOW HITPOINT WARNING * * *
You block the black bear's attack.
The black bear claws you but does no damage.
The black bear bites you.
* * * LOW HITPOINT WARNING * * *
The black bear barely misses you. You block the black bear's attack.
You barely miss the black bear.
The black bear is almost dead.
The black bear bites you.
* * * LOW HITPOINT WARNING * * *
You block the black bear's attack. The black bear claws you.
You die...

##..# ....... #..##
....... ##..# .......
##.## ....... ##..###
....... ###.....###
....... ###....#....##
#...h####....###......
#...†@#....### #......
##.#.....### #......
##..### ##...... #..##
#....... #.## #.......
#. #....... ..
#....... #.# #.......
.. ##......


You could see a black bear (berserk).

Vanquished Creatures
  A necrophage (D:5)
  An ice beast (D:5)
  4 crimson imps (D:3)
  A howler monkey skeleton (D:4)
  2 adders
  A shadow imp (D:4)
  2 dart slugs
  3 ball pythons
  7 bats
  12 endoplasms
  2 giant cockroaches
  8 goblins
  8 hobgoblins
  15 jackals
  2 quokkas
  A frilled lizard (D:3)
  4 kobolds
  6 rats
80 creatures vanquished.

Notes
Turn   | Place    | Note
-------+----------+-------------------------------------------
     0 | D:1      | Anon1729 the Formicid Fighter began the quest for the Orb.
     0 | D:1      | Reached XP level 1. HP: 18/18 MP: 1/1
    67 | D:1      | Reached XP level 2. HP: 21/24 MP: 2/2
   184 | D:1      | Reached XP level 3. HP: 27/29 MP: 3/3
   951 | D:2      | Reached XP level 4. HP: 37/37 MP: 4/4
  1049 | D:3      | Found a shimmering altar of Xom.
  1092 | D:3      | Reached XP level 5. HP: 41/42 MP: 5/5
  1170 | D:3      | Reached XP level 6. HP: 27/49 MP: 6/6
  1410 | D:3      | Reached skill level 5 in Shields
  1572 | D:3      | Found a white marble altar of Elyvilon.
  1755 | D:3      | Found Compiotz's Magic Scroll Shoppe.
  1857 | D:3      | Found a stormy altar of Qazlal.
  1858 | D:3      | Found an iron altar of Okawaru.
  2476 | D:4      | Found Jeacluow's Elemental Accessories.
  2802 | D:5      | Entered Level 5 of the Dungeon
  2803 | D:5      | Noticed an ice beast
  2815 | D:5      | Killed an ice beast
  2936 | D:5      | Noticed a necrophage
  2938 | D:5      | Noticed a black bear
  2949 | D:5      | Killed a necrophage
  2950 | D:5      | Reached skill level 5 in Fighting
  2950 | D:5      | Reached skill level 5 in Armour
  2950 | D:5      | Reached XP level 7. HP: 30/56 MP: 7/7
  2954 | D:5      | HP: 2/56 [black bear (6)]
  2954 | D:5      | Slain by a black bear

Illustrated notes

Levels and vault maps discovered:
D:1:      dpeg_arrival_boxes_within_box, layout_rooms, chequers_avenue,
          corexii_item_surrounded_by_moat
D:2:      layout_rooms, ebering_ecumenical_altar_rust
D:3:      layout_loops_cross, mainiacjoe_overflow_divided_tiny,
          old_standard_altar, led_xom_imps, serial_shops,
          nicolae_lakefront_shop, minmay_starry_boxes
D:4:      layout_gridville, grunt_ministairs_9, nicolae_elemental_shop
D:5:      layout_cave_pods, lemuel_round_altar, grunt_temple_overflow_open,
          portal_sewer_entry_e

Skill      XL: |  1  2  3  4  5  6 |
---------------+-------------------+-----
Shields        | 4 5 |  5.5
Fighting       | 4 5 |  5.0
Armour         | 4 5 |  5.0
Axes           | 3 |  3.9

Action                   |  1- 3 |  4- 6 |  7- 9 || total
-------------------------+-------+-------+-------++-------
Melee: War axe           |   102 |   149 |     5 ||   256
Armor: Scale mail        |    56 |    73 |     4 ||   133
Dodge: Dodged            |    35 |    54 |     2 ||    91
Block: Kite shield       |    82 |    97 |     7 ||   186

Table legend: (Time is in decaauts)
 A = Elapsed time spent in this place.
 B = Non-inter-level travel time spent in this place.
 C = Inter-level travel time spent in this place.
 D = Time resting spent in this place.
 E = Time spent auto-exploring this place.
 F = Levels seen in this place.
 G = Mean time per level.
                   A        B        C        D        E       F      G
               +--------+--------+--------+--------+--------+-----+--------+
         Total |   3083 |   3012 |     71 |      0 |   2412 |   5 |  616.6 |
       Dungeon |   3083 |   3012 |     71 |      0 |   2412 |   5 |  616.6 |
               +--------+--------+--------+--------+--------+-----+--------+

Top non-repeatable levels by time:
     D:3: 1011 daAuts
     D:1: 849 daAuts
     D:4: 812 daAuts
     D:2: 246 daAuts
     D:5: 163 daAuts
